 Dungeon Crawl Stone Soup version 0.30-a0-1085-g990a428a5c (webtiles) character file.

Game seed: 9713807736781423903

13039 Pimp the Cleaver (level 12, -3/110 HPs)
             Began as a Hill Orc Fighter on Apr 16, 2023.
             Was a High Priest of Cheibriados.
             Constricted to death by Jorgrun (14 damage)
             ... on level 12 of the Dungeon.
             The game lasted 00:20:03 (9881 turns).

Pimp the Cleaver (Hill Orc Fighter)                 Turns: 9881, Time: 00:20:03

Health: -3/110     AC: 16    Str: 34    XL:     12   Next: 1%
Magic:  27/27      EV:  7    Int: 22    God:    Cheibriados [*****.]
Gold:   743        SH:  8    Dex: 28    Spells: 20/20 levels left

rFire   . . .      SeeInvis .    d - +6 war axe (freeze)
rCold   + . .      Faith    +    c - +0 buckler
rNeg    . . .      Spirit   .    B - +1 acid dragon scales
rPois   .          Reflect  .    (no helmet)
rElec   .          Rampage  .    (no cloak)
rCorr   +                        g - +2 pair of gloves
Will    +....                    o - +2 pair of boots "Hajuod" {Will+ Regen+}
Stlth   ++                       y
                                   - Hermit's Pendant {Faith Invo=14 Evo=0 MP+5}
HPRegen 1.18/turn                n - +6 ring of dexterity
MPRegen 0.20/turn                J - ring of protection from cold

@: grasped by roots, constricted, very slow
A: no striking features
a: Renounce Religion, Bend Time, Temporal Distortion, Slouch, Step From Time


You were on level 12 of the Dungeon.
You worshipped Cheibriados.
Cheibriados was extremely pleased with you.
You visited 2 branches of the dungeon, and saw 13 of its levels.

You collected 743 gold pieces.

Inventory:

Hand Weapons
 a - a +2 vampiric war axe
 d - a +6 war axe of freezing (weapon)
Armour
 b - a +0 scale mail
 c - a +0 buckler (worn)
 g - a +2 pair of gloves (worn)
 o - the +2 pair of boots "Hajuod" (worn) {Will+ Regen+}
   (You found it on level 4 of the Dungeon)

   Regen:     It increases your rate of health regeneration.
   Will:      It increases your willpower.
 p - a +0 pair of boots
 r - a +1 chain mail
 x - an orb of energy
 B - +1 acid dragon scales (worn)
Jewellery
 f - a ring of resist corrosion
 h - a ring of wizardry
 i - a ring of wizardry
 m - an amulet of regeneration
 n - a +6 ring of dexterity (left hand)
 s - a +6 ring of dexterity
 y - the Hermit's Pendant (around neck) {Faith Invo=14 Evo=0 MP+5}
   (You found it on level 8 of the Dungeon)

   [amulet of faith]

   Invo=14: It sets your Invocations skill to 14.
   Evo=0: It sets your Evocations skill to 0.
   It allows you to gain divine favour quickly.
   MP:        It affects your magic capacity (+5).
 G - an amulet of the acrobat
 H - a ring of ice
 J - a ring of protection from cold (right hand)
Wands
 v - a wand of flame (88)
 E - a wand of mindburst (12)
 N - a wand of polymorph (6)
 O - a wand of charming (8)
 S - a wand of iceblast (6)
Scrolls
 k - 6 scrolls of teleportation
 u - 2 scrolls of magic mapping
 D - 2 scrolls of identify
 I - 3 scrolls of poison
 L - a scroll of brand weapon
 M - a scroll of fear
 P - a scroll of enchant weapon
Potions
 e - a potion of magic {unknown}
 j - a potion of ambrosia
 l - 2 potions of attraction
 q - 5 potions of curing
 t - 2 potions of brilliance {unknown}
 w - a potion of berserk rage
 z - 3 potions of flight
 A - 2 potions of lignification {unknown}
 C - a potion of heal wounds
 F - a potion of mutation {unknown}
 K - a potion of cancellation {unknown}
 Q - a potion of haste {unknown}
 R - a potion of might


   Skills:
 + Level 11.4 Fighting
 + Level 12.0 Axes
 + Level 10.4 Armour
 + Level 10.4 Shields
 + Level 4.5 Spellcasting


You had 20 spell levels left.
You didn't know any spells.
Your spell library contained the following spells:

 Spells                   Type           Power      Damage    Failure   Level
 Beastly Appendage        Tmut           8%         N/A       14%         1
 Kiss of Death            Conj/Necr      16%        2d6       14%         1
 Lesser Beckoning         Tloc           8%         N/A       22%         2
 Wereblood                Tmut           4%         N/A       22%         2
 Confusing Touch          Hex            4%         N/A       41%         3
 Gell's Gravitas          Tloc           4%         N/A       41%         3
 Spider Form              Tmut/Pois      4%         N/A       41%         3
 Stone Arrow              Conj/Erth      8%         3d7       41%         3
 Teleport Other           Tloc           4%         N/A       41%         3
 Vhi's Electric Charge    Tloc/Air       8%         N/A       41%         3
 Animate Armour           Summ/Erth      8%         N/A       82%         4
 Dispel Undead            Necr           4%         3d7       82%         4
 Leda's Liquefaction      Hex/Erth       2%         N/A       82%         4
 Arcjolt                  Conj/Air       2%         1d12      99%         5
 Lee's Rapid Deconstruct  Erth           2%         3d4*      99%         5
 Dispersal                Tloc           2%         N/A       100%        6
 Statue Form              Tmut/Erth      2%         N/A       100%        6
 Lehudib's Crystal Spear  Conj/Erth      2%         10d2      100%        8
 Maxwell's Capacitive Co  Air            2%         ∞         100%        8


Dungeon Overview and Level Annotations

Branches:
Dungeon (12/15)            Temple (1/1) D:4            Lair (0/5) D:9
    Orc (0/2) D:12

Altars:
Ashenzari
Cheibriados
Dithmenos
Elyvilon
Fedhas
Gozag
Hepliaklqana
Kikubaaqudgha
Makhleb
Okawaru
Qazlal
Sif Muna
Trog
Uskayaw
Vehumet
Wu Jian
Xom
Yredelemnul
Zin
The Shining One

Shops:
D:3 (   D:4 [*

Annotations:
D:9 1 runed translucent door, Darkkill's ghost, novice MiHu
D:12 Jorgrun


Message History

You slash the howler monkey! You freeze the howler monkey.
You kill the howler monkey!
Cheibriados appreciates the change of pace.
Something hits you.
You closely miss Jorgrun.
Jorgrun is heavily wounded.
You closely miss something. Something hits you!
Jorgrun mutters some incantations to himself.
Jorgrun hits you but does no damage.
You hit Jorgrun but do no damage.
Jorgrun is heavily wounded.
You slash the gargoyle! You freeze the gargoyle. You miss something.
The sentinel's mark upon you fades away.
Something hits you but does no damage.
The gargoyle hurls a stone arrow at you.
The stone arrow hits you.
Jorgrun points at you and mumbles some strange words.
Roots burst forth from the earth!
The grasping roots grab you! The grasping roots constrict you!
* * * LOW HITPOINT WARNING * * *
You slice Jorgrun!! You freeze Jorgrun.
Jorgrun is severely wounded.
You hit the gargoyle but do no damage. The gargoyle barely misses you.
You block Jorgrun's attack. The grasping roots constrict you.
* * * LOW HITPOINT WARNING * * *
Something hits you but does no damage.
You feel better. Something hits you but does no damage.
The gargoyle hurls a stone arrow at you.
The stone arrow hits you!
* * * LOW HITPOINT WARNING * * *
You closely miss Jorgrun.
Jorgrun is severely wounded.
You slash the gargoyle! You freeze the gargoyle.
You hit something but do no damage. Something hits you but does no damage.
The gargoyle hits you but does no damage.
Jorgrun hits you with a +0 heavy quarterstaff!
* * * LOW HITPOINT WARNING * * *
The grasping roots constrict you!
You die...

.##...# #<..... .'.8..
.. #...... #....#.#
##.#### ....# #..###
#..# ##....
'########.#)## #####
.........#...# #....
..####9g.....# ###.#
##..#@.8)...## #...#
+.)..)..)...>#####.###
......#
##..##)8....##.......#
.....
#.##.......########.#
.... .......##...#
#...# ...
#'##########.## ##.##
#.# ##........##..#
#..#
#.###...####......#
##.#
#......##..##....###
####.#


You could see Jorgrun and a gargoyle.

Vanquished Creatures
  Erolcha (D:12)
  A boulder beetle (D:12)
  2 two-headed ogres (D:11)
  A tengu warrior (D:9)
  A manticore (D:12)
  A rime drake (D:9)
  A komodo dragon (D:10)
  A polar bear (D:9)
  A troll (D:11)
  Prince Ribbit (D:7)
  3 hornets
  The ghost of diodin the Chiller, an amateur MfIE of Elyvilon (D:4)
  2 shadows (D:11)
  3 wraiths (D:12)
  3 wyverns
  6 vampire mosquitoes
  A steam dragon (D:9)
  A warg (D:12)
  An acid dragon (D:9)
  A water moccasin (D:7)
  2 sky beasts
  5 orc warriors
  5 ice beasts
  5 wolves (D:9)
  2 centaurs
  4 ogres
  A phantom (D:5)
  2 kobold brigands
  4 bullfrogs
  18 wights
  6 scorpions
  5 killer bees (D:8)
  8 howler monkeys
  2 jellies
  A gnoll bouda (D:4)
  3 hounds
  11 orc priests
  5 sleepcaps
  Ijyb (D:5)
  6 iguanas
  2 orc wizards
  4 gnolls
  9 adders
  2 shadow imps
  2 white imps
  An ufetubus (D:6)
  A worm (D:3)
  2 dart slugs (D:1)
  37 orcs
  12 ball pythons
  11 endoplasms
  4 giant cockroaches
  3 goblins
  7 hobgoblins
  6 jackals (D:2)
  3 quokkas
  12 bats
  4 frilled lizards
  13 kobolds
  9 rats
273 creatures vanquished.

Notes
Turn   | Place    | Note
-------+----------+-------------------------------------------
     0 | D:1      | Pimp the Hill Orc Fighter began the quest for the Orb.
     0 | D:1      | Reached XP level 1. HP: 19/19 MP: 1/1
    11 | D:1      | Noticed a minotaur skeleton
    15 | D:1      | Noticed a minotaur skeleton
    38 | D:1      | You fall into a shaft and drop 1 floor!
   114 | D:1      | Reached skill level 3 in Axes
   114 | D:1      | Reached XP level 2. HP: 24/27 MP: 2/2
   341 | D:1      | Reached XP level 3. HP: 33/33 MP: 3/3
  1006 | D:2      | Reached XP level 4. HP: 40/40 MP: 4/4
  1347 | D:3      | Reached skill level 4 in Axes
  1380 | D:3      | Reached XP level 5. HP: 47/47 MP: 5/5
  1455 | D:3      | Found Amarazej's Weapon Boutique.
  1831 | D:3      | Reached skill level 5 in Fighting
  1831 | D:3      | Reached XP level 6. HP: 41/56 MP: 6/6
  1951 | D:4      | Found Cakots's CLEARANCE SALE!.
  2313 | D:4      | Identified the +2 pair of boots "Hajuod" {Will+ Regen+}
  2623 | D:4      | Reached skill level 5 in Axes
  2699 | D:4      | Found a runed translucent door.
  3096 | D:4      | Found a staircase to the Ecumenical Temple.
  3201 | D:4      | Found Ughurir's Antique Armour Shop.
  3305 | D:4      | Reached skill level 5 in Armour
  3306 | D:4      | Reached skill level 5 in Shields
  3310 | D:4      | Reached XP level 7. HP: 51/61 MP: 7/7
  3529 | D:4      | Noticed diodin's ghost (amateur MfIE)
  3545 | D:4      | Killed diodin's ghost
  3766 | Temple   | Entered the Ecumenical Temple
  3940 | Temple   | Became a worshipper of Cheibriados the Contemplative
  4036 | D:5      | Entered Level 5 of the Dungeon
  4057 | D:5      | Reached skill level 6 in Axes
  4074 | D:5      | Reached XP level 8. HP: 71/71 MP: 8/8
  4130 | D:5      | Identified the +5 dagger of Weak Innocence {drain, rElec
                  | rN+ Will+}
  4201 | D:5      | Reached * piety under Cheibriados
  4324 | D:5      | Reached skill level 7 in Axes
  4385 | D:5      | Noticed Ijyb
  4393 | D:5      | Killed Ijyb
  4746 | D:6      | Reached XP level 9. HP: 69/79 MP: 9/9
  4790 | D:6      | Reached ** piety under Cheibriados
  4792 | D:6      | Reached skill level 8 in Axes
  5706 | D:7      | Noticed Prince Ribbit
  5716 | D:7      | Killed Prince Ribbit
  5717 | D:7      | Reached skill level 9 in Axes
  5940 | D:8      | Found a faded altar of an unknown god.
  5940 | D:8      | Noticed an efreet
  5940 | D:8      | Found the Hermit's Pendant {Faith Invo=14 Evo=0 MP+5}
  6007 | D:8      | Reached *** piety under Cheibriados
  6058 | D:8      | Reached XP level 10. HP: 73/91 MP: 9/11
  6059 | D:8      | Reached skill level 1 in Spellcasting
  6934 | D:9      | Paralysed by a hornet for 1 turns
  6936 | D:9      | Paralysed by a hornet for 3 turns
  6942 | D:9      | Reached skill level 10 in Axes
  6966 | D:9      | Found a runed translucent door.
  6969 | D:9      | Noticed a catoblepas
  6969 | D:9      | Noticed Darkkill's ghost (novice MiHu)
  7168 | D:9      | Reached **** piety under Cheibriados
  7201 | D:9      | Reached skill level 10 in Fighting
  7213 | D:9      | Found a staircase to the Lair.
  7381 | D:9      | Noticed a tengu warrior
  7398 | D:9      | Killed a tengu warrior
  7399 | D:9      | Reached XP level 11. HP: 66/100 MP: 21/21
  7400 | D:9      | Paralysed by a hornet for 2 turns
  7432 | D:9      | Found an ancient bone altar of Kikubaaqudgha.
  7770 | D:10     | Entered Level 10 of the Dungeon
  7857 | D:10     | Paralysed by a hornet for 1 turns
  8105 | D:10     | Reached skill level 11 in Axes
  9127 | D:11     | Noticed a two-headed ogre
  9133 | D:11     | Killed a two-headed ogre
  9134 | D:11     | Noticed a two-headed ogre
  9141 | D:11     | Killed a two-headed ogre
  9141 | D:11     | Reached ***** piety under Cheibriados
  9142 | D:11     | Reached skill level 10 in Armour
  9542 | D:12     | Noticed a boulder beetle
  9561 | D:12     | Killed a boulder beetle
  9562 | D:12     | Reached skill level 10 in Shields
  9716 | D:12     | Noticed Erolcha
  9724 | D:12     | Killed Erolcha
  9788 | D:12     | Found a staircase to the Orcish Mines.
  9848 | D:12     | Noticed a manticore
  9863 | D:12     | Reached skill level 12 in Axes
  9866 | D:12     | Noticed Jorgrun
  9866 | D:12     | Killed a manticore
  9867 | D:12     | Reached XP level 12. HP: 99/110 MP: 22/22
  9881 | D:12     | Constricted to death by Jorgrun

Illustrated notes

Levels and vault maps discovered:
D:1:      shiori_arrival_whats_in_store_for_you, layout_rooms, nrook_campfire
D:2:      layout_basic, minmay_randomly_rotated_circles
D:3:      layout_basic, serial_shops, shop, minmay_mini_jars
D:4:      layout_basic, minmay_temple_entry_fiery, serial_shops,
          nicolae_shop_back_alley_shop, ebering_ghost_reflecting_pool,
          hangedman_glass_teeth, grunt_ministairs_10, nicolae_shop_clearance
D:5:      minmay_inner_zag, layout_rooms, uniq_ijyb, uniq_eustachio
D:6:      layout_basic, kennysheep_another_room
D:7:      layout_loops_ring, uniq_prince_ribbit1
D:8:      layout_gridville, minmay_misc_feat_hallway,
          hellmonk_guarded_unrand_hermit
D:9:      layout_basic, marbit_many_paths, hellmonk_lair_entry_icy,
          ebering_ghost_inner_flame
D:10:     layout_loops_corners
D:11:     layout_gridville, minmay_splitting_lines
D:12:     layout_roguey, david_orc_1_choice, gammafunk_ghost_stat_death,
          hangedman_weighted_door, disabler_island, uniq_jorgrun, uniq_erolcha
Temple:   mainiacjoe_temple_starburst

Skill      XL: |  1  2  3  4  5  6  7  8  9 10 11 |
---------------+----------------------------------+-----
Axes           | 3 4 5 6 7 9 10 12 | 12.0
Fighting       | 4 5 6 7 9 10 11 | 11.4
Armour         | 4 5 6 8 9 10 | 10.4
Shields        | 4 5 6 8 9 10 | 10.4
Spellcasting   | 3 4 |  4.5

Action                     |  1- 3 |  4- 6 |  7- 9 | 10-12 || total
---------------------------+-------+-------+-------+-------++-------
  Melee: War axe           |    99 |   148 |   255 |   260 ||   762
    Use: Scroll            |       |    12 |    12 |     5 ||    29
         Potion            |       |       |     1 |     6 ||     7
 Armour: Scale mail        |    78 |    83 |    40 |       ||   201
         Chain mail        |       |       |   103 |    35 ||   138
         Acid dragon scale |       |       |       |   134 ||   134
  Dodge: Dodged            |    65 |    81 |    98 |   146 ||   390
  Block: Buckler           |    34 |    51 |    68 |   147 ||   300

Table legend: (Time is in decaauts)
 A = Elapsed time spent in this place.
 B = Non-inter-level travel time spent in this place.
 C = Inter-level travel time spent in this place.
 D = Time resting spent in this place.
 E = Time spent auto-exploring this place.
 F = Levels seen in this place.
 G = Mean time per level.
                   A        B        C        D        E       F      G
               +--------+--------+--------+--------+--------+-----+--------+
         Total |  12812 |  12111 |    701 |    414 |   9433 |  13 |  985.5 |
       Dungeon |  12566 |  11935 |    631 |    414 |   9264 |  12 | 1047.2 |
        Temple |    245 |    175 |     70 |      0 |    169 |   1 |  245.0 |
               +--------+--------+--------+--------+--------+-----+--------+

Top non-repeatable levels by time:
     D:4: 1908 daAuts
    D:10: 1817 daAuts
     D:9: 1421 daAuts
     D:8: 1357 daAuts
    D:11: 979 daAuts
     D:7: 909 daAuts
     D:6: 852 daAuts
     D:2: 838 daAuts
     D:5: 785 daAuts
     D:3: 672 daAuts
    D:12: 541 daAuts
     D:1: 483 daAuts
  Temple: 245 daAuts
